 Dungeon Crawl Stone Soup version 0.31-a0-997-g9a2f3ffc92 (webtiles) character file.

Game seed: 10957405745956995983

231 Dirtsage the Chopper (level 5, -1/41 HPs)
             Began as a Demonspawn Monk on Nov 7, 2023.
             Slain by Grinder (4 damage)
             ... on level 3 of the Dungeon.
             The game lasted 00:04:30 (1991 turns).

Dirtsage the Chopper (Demonspawn Monk)              Turns: 1991, Time: 00:04:30

Health: -1/41      AC: 10    Str: 13    XL:     5   Next: 73%
Magic:  5/5        EV:  7    Int: 11    God:
Gold:   131        SH:  0    Dex: 16    Spells: 4/4 levels left

rFire   . . .        a - +0 hand axe
rCold   . . .        d - orb {light}
rNeg    . . .        f - +0 chain mail
rPois   +            k - +1 hat
rElec   .            (no cloak)
rCorr   .            q - +0 pair of gloves
SInv    .            (no boots)
Will    .....        (no amulet) Stlth
                     P - ring of poison resistance
HPRegen 0.26/turn    (no ring)
MPRegen 0.09/turn

%: no passive effects
@: glowing
A: horns 2, powered by pain 1
a: no special abilities


You were on level 3 of the Dungeon.
You visited 1 branch of the dungeon, and saw 3 of its levels.

You collected 131 gold pieces.

Inventory:

Hand Weapons
 a - a +0 hand axe (weapon)
Armour
 b - a +0 robe
 d - an orb of light (worn)
 f - a +0 chain mail (worn)
 k - a +1 hat (worn)
 q - a +0 pair of gloves (worn)
Jewellery
 P - a ring of poison resistance (left hand)
Scrolls
 g - a scroll of torment {unknown}
 h - 5 scrolls of teleportation {unknown}
 i - a scroll of immolation {unknown}
 l - a scroll of fog {unknown}
 m - a scroll of noise {unknown}
 p - a scroll of vulnerability {unknown}
 r - a scroll of revelation {unknown}
 s - a scroll of poison {unknown}
 t - a scroll of enchant armour {unknown}
Potions
 c - a potion of ambrosia
 e - 2 potions of curing {unknown}
 j - 2 potions of haste {unknown}
 n - a potion of berserk rage {unknown}
 o - 2 potions of heal wounds {unknown}


   Skills:
 - Level 3.0 Fighting
 * Level 6.0 Axes
 - Level 2.6 Dodging


You had 4 spell levels left.
You didn't know any spells.
Your spell library contained the following spells:

 Spells                   Type           Power      Damage    Failure   Level
 Poisonous Vapours        Pois/Air       0%         N/A       100%        2
 Mephitic Cloud           Conj/Pois/Air  0%         N/A       100%        3
 Freezing Cloud           Conj/Ice/Air   0%         6-21      100%        5


Dungeon Overview and Level Annotations

Branches:
Dungeon (3/15)

Altars:

Shops:
D:3 [

Annotations:
D:3 Grinder


Innate Abilities, Weirdness & Mutations

You have a pair of horns on your head.
You sometimes gain a little power by taking damage.


Message History

You take 8 damage, and have 32/41 hp.
You hit Grinder.
Grinder is lightly wounded.
Grinder hits you but does no damage.
You hit Grinder.
Grinder is moderately wounded.
Grinder gestures at you. Pain shoots through your body!
You take 4 damage, and have 28/41 hp.
Sorry, you're not good enough to have a special ability.
Sorry, you're not good enough to have a special ability.
You hit Grinder but do no damage. You headbutt Grinder.
Grinder is moderately wounded.
Grinder blinks!
You see here a giant cockroach corpse.
Grinder gestures at you.
You suddenly lose the ability to move!
Grinder gestures at you. Pain shoots through your body!
You can move again.
You take 10 damage, and have 18/41 hp.
MASSIVE DAMAGE!!
Unknown command.
Unknown command.
Unknown command.
Grinder hits you but does no damage.
You hit Grinder but do no damage.
Grinder is moderately wounded.
Grinder hits you.
You hit Grinder but do no damage. You headbutt Grinder, but do no damage.
Grinder is moderately wounded.
Grinder hits you.
You writhe in agony.
* * * LOW HITPOINT WARNING * * *
You take 7 damage, and have 11/41 hp.
You hit Grinder. You headbutt Grinder.
Grinder is severely wounded.
Grinder hits you!
* * * LOW HITPOINT WARNING * * *
You writhe in agony.
You die...
Grinder says, "Now the real fun starts!"

##.......##.##
#..##......##
#...##....###
##########......#...##
#...........#.....#.##
#.......†..######.....
#.........## ##....
#.........# #....
#....@..(## #....
#....5...# #....
#........# #....
#........# ####.
#........# #.
########## #. #. #. #.


You could see Grinder.

Vanquished Creatures
  Jessica (D:3)
  Natasha (thrice) (D:3)
  Terence (D:3)
  2 adders (D:3)
  A gnoll (D:1)
  2 worms (D:3)
  A dart slug (D:1)
  3 orcs (D:2)
  9 ball pythons
  7 endoplasms
  2 giant cockroaches
  5 goblins
  7 hobgoblins
  5 quokkas
  2 bats (D:1)
  3 frilled lizards (D:2)
  8 kobolds
  4 rats
66 creatures vanquished.

Notes
Turn   | Place    | Note
-------+----------+-------------------------------------------
     0 | D:1      | Dirtsage the Demonspawn Monk began the quest for the Orb.
     0 | D:1      | Reached XP level 1. HP: 18/18 MP: 1/1
    19 | D:1      | Reached skill level 3 in Axes
   116 | D:1      | Gained mutation: You have a pair of small horns on your
                  | head. [demonic ancestry]
   116 | D:1      | Reached XP level 2. HP: 21/24 MP: 2/2
   356 | D:1      | Gained mutation: You have a pair of horns on your head.
                  | [demonic ancestry]
   356 | D:1      | Reached XP level 3. HP: 20/29 MP: 3/3
   493 | D:1      | Reached skill level 4 in Axes
   790 | D:1      | Found a faded altar of an unknown god.
  1465 | D:3      | Gained mutation: You sometimes gain a little power by
                  | taking damage. [demonic ancestry]
  1465 | D:3      | Reached XP level 4. HP: 33/35 MP: 4/4
  1472 | D:3      | Found Mora's Antique Armour Shop.
  1527 | D:3      | Noticed Natasha
  1531 | D:3      | Killed Natasha
  1594 | D:3      | Noticed Terence
  1604 | D:3      | Killed Terence
  1605 | D:3      | Reached skill level 5 in Axes
  1714 | D:3      | Reached XP level 5. HP: 41/41 MP: 5/5
  1793 | D:3      | Noticed Jessica
  1801 | D:3      | Killed Jessica
  1864 | D:3      | Noticed Natasha
  1871 | D:3      | Killed Natasha
  1970 | D:3      | Noticed Natasha
  1971 | D:3      | Noticed Grinder
  1975 | D:3      | Killed Natasha
  1980 | D:3      | Reached skill level 6 in Axes
  1986 | D:3      | Paralysed by Grinder for 2 turns
  1991 | D:3      | Slain by Grinder

Illustrated notes

Levels and vault maps discovered:
D:1:      dreamdust_arrival_sigmund_warning, layout_basic, serial_corexii_hall,
          corexii_hall_statues_i, chequers_hall_statues_y,
          dilly_ecumenical_altar_fadedgnrine
D:2:      layout_rooms, minmay_cut_off
D:3:      layout_rooms, gammafunk_temple_overflow_pools, serial_shops,
          nicolae_shop_dealshenge, minivault_27, minmay_stone_trees_small,
          uniq_grinder, uniq_crazy_yiuf_cottage, uniq_terence, uniq_natasha,
          uniq_jessica

Skill      XL: |  1  2  3  4  5 |
---------------+----------------+-----
Axes           | 3 4 5 6 |  6.0
Fighting       | |  3.0
Dodging        | |  2.6

Action                     |  1- 3 |  4- 6 || total
---------------------------+-------+-------++-------
  Melee: Hand axe          |    98 |    77 ||   175
         Headbutt          |    10 |    24 ||    34
   Stab: Distracted        |       |     1 ||     1
 Armour: Robe              |     5 |       ||     5
         Chain mail        |    43 |    40 ||    83
  Dodge: Dodged            |    40 |    22 ||    62

Table legend: (Time is in decaauts)
 A = Elapsed time spent in this place.
 B = Non-inter-level travel time spent in this place.
 C = Inter-level travel time spent in this place.
 D = Time resting spent in this place.
 E = Time spent auto-exploring this place.
 F = Levels seen in this place.
 G = Mean time per level.
                   A        B        C        D        E       F      G
               +--------+--------+--------+--------+--------+-----+--------+
         Total |   2011 |   1950 |     61 |      0 |   1554 |   3 |  670.3 |
       Dungeon |   2011 |   1950 |     61 |      0 |   1554 |   3 |  670.3 |
               +--------+--------+--------+--------+--------+-----+--------+

Top non-repeatable levels by time:
     D:1: 1093 daAuts
     D:3: 552 daAuts
     D:2: 364 daAuts
